 Dungeon Crawl Stone Soup version 0.32-a0-996-gb3226c233f (webtiles) character file.

Game seed: 17797693262029037938

22957 Theblade121 the Unseen (level 13, -2/82 HPs)
             Began as an Octopode Monk on Apr 23, 2024.
             Was an Initiate of Gozag.
             Slain by a centaur warrior zombie (3 damage)
             ... on level 12 of the Dungeon.
             The game lasted 00:54:24 (14795 turns).

Theblade121 the Unseen (Octopode Monk)             Turns: 14795, Time: 00:54:24

Health: -2/82      AC:  1    Str: 18    XL:     13   Next: 3%
Magic:  0/13       EV: 18    Int: 13    God:    Gozag
Gold:   70         SH:  0    Dex: 17    Spells: 12/12 levels left

rFire   + . .        l - +1 great sword of Expedience {holy, rPois rF+ SInv}
rCold   + + .        (shield currently unavailable)
rNeg    + . .        (helmet restricted)
rPois   +            B - amulet of guardian spirit
rElec   .            c - ring of flight
rCorr   .            g - +6 ring of strength
SInv    +            k - ring of willpower
Will    +....        m - ring of protection from cold
Stlth   ++++++++     D - ring of protection from cold
HPRegen 0.33/turn    N - ring of poison resistance
MPRegen 0.13/turn    O - ring of positive energy
                     (no ring)

%: guardian spirit
@: gold aura, flying
A: almost no armour, amphibious, 8 rings, camouflage 1, gelatinous body 1,
(nimble swimmer 1), tentacles
a: Renounce Religion, Potion Petition, Call Merchant, Bribe Branch


You were on level 12 of the Dungeon.
You worshipped Gozag.
Gozag was noncommittal.
You visited 2 branches of the dungeon, and saw 13 of its levels.

You collected 1228 gold pieces.
You spent 392 gold pieces at shops.
You paid 766 gold pieces to Gozag.

Inventory:

Hand Weapons
 b - a +0 dagger
 d - a +4 trident of draining
 j - a +1 spear of venom
 l - the +1 great sword of Expedience (weapon) {holy, rPois rF+ SInv}
   (You found it on level 2 of the Dungeon)

   rF+:       It protects you from fire.
   rPois:     It protects you from poison.
   SInv:      It lets you see invisible.
 J - a +4 great sword of freezing
Missiles
 q - 6 atropa-tipped darts
 E - 2 curare-tipped darts (quivered)
 G - 2 throwing nets
Armour
 P - a +0 tower shield
 R - an orb of wrath
Jewellery
 a - an amulet of the acrobat
 c - a ring of flight (left tentacle)
 g - a +6 ring of strength (right tentacle)
 k - a ring of willpower (on tentacle)
 m - a ring of protection from cold (on tentacle)
 B - an amulet of guardian spirit (around mantle)
 D - a ring of protection from cold (on tentacle)
 N - a ring of poison resistance (on tentacle)
 O - a ring of positive energy (on tentacle)
Scrolls
 e - 4 scrolls of immolation
 f - 5 scrolls of teleportation
 h - 2 scrolls of revelation
 n - a scroll of noise
 t - a scroll of vulnerability
 v - 3 scrolls of poison
 w - a scroll of enchant weapon
 y - 2 scrolls of enchant armour
 z - 2 scrolls of fog {unknown}
 C - a scroll of torment {unknown}
 H - a scroll of blinking {unknown}
 M - 3 scrolls of fear {unknown}
Potions
 i - a potion of magic {unknown}
 o - a potion of resistance {unknown}
 p - 2 potions of enlightenment {unknown}
 s - 3 potions of mutation {unknown}
 u - 6 potions of heal wounds {unknown}
 x - a potion of degeneration
 A - a potion of attraction
 F - 2 potions of brilliance {unknown}
 I - a potion of might
 L - a potion of cancellation {unknown}
Miscellaneous
 K - a lightning rod (1/4)


   Skills:
 - Level 5.6 Fighting
 - Level 10.0 Long Blades
 - Level 10.2 Dodging
 * Level 17.9 Stealth
 - Level 3.0 Unarmed Combat
 - Level 10.0 Evocations


You had 12 spell levels left.
You didn't know any spells.
Your spell library contained the following spells:

 Spells                   Type           Power      Damage    Failure   Level
 Summon Small Mammal      Summ           0%         N/A       30%         1
 Lesser Beckoning         Tloc           0%         N/A       43%         2
 Mercury Vapours          Alch/Air       0%         N/A       43%         2
 Call Canine Familiar     Summ           0%         N/A       67%         3
 Maxwell's Portable Pile  Tloc           0%         2d(5-13)  67%         3
 Mephitic Cloud           Conj/Alch/Air  0%         N/A       67%         3
 Teleport Other           Tloc           0%         N/A       67%         3
 Summon Blazeheart Golem  Fire/Summ      0%         N/A       97%         4
 Freezing Cloud           Conj/Ice/Air   0%         6-21      100%        5
 Dispersal                Tloc           0%         N/A       100%        6
 Gell's Gavotte           Tloc           0%         2d(11-16) 100%        6


Dungeon Overview and Level Annotations

Branches:
Dungeon (12/15)            Temple (1/1) D:6            Lair (0/5) D:10
    Orc (0/2) D:10

Altars:
Ashenzari
Cheibriados
Dithmenos
Elyvilon
Fedhas
Gozag
Hepliaklqana
Kikubaaqudgha
Makhleb
Nemelex Xobeh
Okawaru
Qazlal
Ru
Sif Muna
Trog
Uskayaw
Vehumet
Wu Jian
Xom
Yredelemnul
Zin
The Shining One

Shops:
D:6 [   D:8 *   D:11 *


Innate Abilities, Weirdness & Mutations

You cannot wear most types of armour.
You are amphibious.
You can wear up to eight rings at the same time.
Your skin changes colour to match your surroundings (Stealth+).
Your rubbery body absorbs attacks. (AC +1, EV +1)
((You are camouflaged when in or above water. (Stealth+)))
You have tentacles for arms and can constrict up to eight enemies at once.


Message History

The centaur warrior zombie completely misses you.
The centaur warrior zombie kicks you.
A centaur warrior zombie comes into view.
The boggart zombie hits you.
You slash the centaur warrior zombie!
The centaur warrior zombie convulses!
You squeeze the centaur warrior zombie, but do no damage.
The centaur warrior zombie is severely damaged.
The centaur warrior zombie hits you!
* * * LOW HITPOINT WARNING * * *
The centaur warrior zombie closely misses you.
The boggart zombie hits you.
* * * LOW HITPOINT WARNING * * *
The centaur warrior zombie hits you but does no damage.
The centaur warrior zombie kicks you.
* * * LOW HITPOINT WARNING * * *
The centaur warrior zombie hits you!
* * * LOW HITPOINT WARNING * * *
The centaur warrior zombie completely misses you.
You feel better.
The centaur warrior zombie barely misses you.
The centaur warrior zombie kicks you.
* * * LOW HITPOINT WARNING * * *
The centaur warrior zombie hits you!
* * * LOW HITPOINT WARNING * * *
The centaur warrior zombie kicks you.
* * * LOW HITPOINT WARNING * * *
The boggart zombie closely misses you.
The centaur warrior zombie is distracted by your dazzling golden aura.
Okay, then.
Unknown command.
As you read the scroll of butterflies, it crumbles to dust.
You hear the flapping of tiny wings.
The boggart zombie is knocked back by the sudden gust.
The centaur warrior zombie is knocked back by the sudden gust. x2
The centaur warrior zombie is distracted by your dazzling golden aura.
The centaur warrior zombie hits you.
* * * LOW HITPOINT WARNING * * *
The centaur warrior zombie kicks you.
You die...
Your body crumbles into a pile of gold.

..# ♣♣ ...# ## $.
....##.####♣♣.♣
.ß.....bbbbZb.♣
.....b..bb@Z♣
ß.ß....bbbbbb♣♣ .##
........b.bbbbZ♣
..##.......bb.#b##.Z♣
..#........b..###
#.b..
............b..# ####
...........##.###
................##..
.....................


You could see a boggart zombie (ally target) and 3 centaur warrior zombies.

Vanquished Creatures
  A boulder beetle (D:10)
  4 two-headed ogres
  An arcanist (D:8)
  Pikel (D:5)
  2 cyclopes
  12 centaur zombies
  A black mamba (shapeshifter) (D:8)
  A meliai (D:8)
  The ghost of P0WERM0DE the Trooper, a novice CoCK of Cheibriados (D:5)
  Jeremiah (D:7)
  5 unseen horror zombies (D:10)
  An unseen horror (D:11)
  Maggie (D:8)
  2 komodo dragons
  4 kobold demonologists
  Grinder (D:6)
  Prince Ribbit (D:6)
  A dream sheep (shapeshifter) (D:8)
  4 wraiths
  6 vampires
  5 shadows
  A wyvern (D:5)
  8 yaks
  4 steam dragons
  5 vampire mosquitoes
  Menkaure (D:5)
  An acid dragon (D:8)
  A water moccasin (D:8)
  2 black bears (D:8)
  3 orc warriors
  A sky beast (D:8)
  4 ice beasts
  3 ogres
  5 centaurs
  2 lemures (D:5)
  7 kobold brigands
  4 bullfrogs
  A gnoll sergeant (D:8)
  2 scorpions (D:5)
  10 wights
  8 howler monkeys
  A bombardier beetle (D:5)
  3 electric eels
  4 hounds
  3 orc priests
  A jelly (D:5)
  2 gnoll boudas
  A boggart zombie (D:12)
  13 orc wizards
  2 iguanas (D:6)
  A howler monkey zombie (D:10)
  7 gnolls
  8 adders
  A white imp (D:7)
  6 ufetubi
  3 dart slugs
  3 ribbon worms
  31 orcs
  11 ball pythons
  5 endoplasms
  3 giant cockroaches
  5 goblins
  2 hobgoblins
  3 quokkas
  7 bats
  3 frilled lizards
  24 kobolds
  5 rats
287 creatures vanquished.

Notes
Turn   | Place    | Note
-------+----------+-------------------------------------------
     0 | D:1      | Theblade121 the Octopode Monk began the quest for the Orb.
     0 | D:1      | Reached XP level 1. HP: 16/16 MP: 1/1
    38 | D:1      | Reached skill level 1 in Stealth
   131 | D:1      | Reached skill level 2 in Stealth
   182 | D:1      | Reached XP level 2. HP: 21/21 MP: 2/2
   313 | D:1      | Reached skill level 3 in Stealth
   799 | D:2      | Reached XP level 3. HP: 26/26 MP: 3/3
   871 | D:2      | Identified the +1 great sword of Expedience {holy, rPois
                  | rF+ SInv}
   969 | D:2      | Reached skill level 4 in Stealth
  1295 | D:2      | Reached skill level 5 in Stealth
  1478 | D:3      | Found a stormy altar of Qazlal.
  1513 | D:3      | Reached XP level 4. HP: 28/31 MP: 4/4
  1515 | D:3      | Reached skill level 1 in Long Blades
  1781 | D:3      | Found a glowing golden altar of the Shining One.
  1786 | D:3      | Found a bloodstained altar of Trog.
  1807 | D:3      | Found a glowing silver altar of Zin.
  2625 | D:4      | Found a snail-covered altar of Cheibriados.
  2651 | D:4      | Found a broken altar of Ashenzari.
  2722 | D:4      | Reached XP level 5. HP: 35/36 MP: 5/5
  2872 | D:5      | Entered Level 5 of the Dungeon
  2960 | D:5      | Noticed P0WERM0DE's ghost (novice CoCK)
  2964 | D:5      | Found a runed translucent door.
  2994 | D:5      | Found an iron altar of Okawaru.
  2996 | D:5      | Noticed a centaur
  3005 | D:5      | Killed a centaur
  3006 | D:5      | Reached XP level 6. HP: 20/42 MP: 6/6
  3105 | D:5      | Noticed Menkaure
  3112 | D:5      | Killed Menkaure
  3113 | D:5      | Reached skill level 5 in Long Blades
  3139 | D:5      | Reached XP level 7. HP: 41/46 MP: 7/7
  3389 | D:5      | Noticed a wyvern
  3398 | D:5      | Killed a wyvern
  3399 | D:5      | Reached skill level 5 in Fighting
  3906 | D:5      | Killed P0WERM0DE's ghost
  3907 | D:5      | Reached skill level 8 in Stealth
  3907 | D:5      | Reached XP level 8. HP: 29/56 MP: 0/8
  4054 | D:6      | Reached skill level 9 in Stealth
  4172 | D:6      | Noticed Prince Ribbit
  4189 | D:6      | Killed Prince Ribbit
  4190 | D:6      | Reached skill level 10 in Stealth
  4457 | D:6      | Found a staircase to the Ecumenical Temple.
  4465 | Temple   | Entered the Ecumenical Temple
  4477 | D:6      | Found Biffy's Antique Armour Boutique.
  4488 | D:6      | Noticed a kobold demonologist
  4489 | D:6      | Noticed a kobold demonologist
  4489 | D:6      | Noticed Pikel
  4490 | D:6      | Noticed an orange demon
  4596 | D:5      | Killed a kobold demonologist
  4597 | D:5      | Reached skill level 5 in Dodging
  4597 | D:5      | Reached XP level 9. HP: 61/61 MP: 7/9
  5135 | D:6      | Killed a kobold demonologist
  5359 | D:5      | Killed Pikel
  5638 | D:6      | Noticed Grinder
  5650 | D:6      | Killed Grinder
  6093 | D:7      | Noticed Jeremiah
  6141 | D:6      | Reached XP level 10. HP: 40/67 MP: 8/10
  6653 | D:7      | Reached skill level 10 in Dodging
  6805 | D:7      | Reached skill level 11 in Stealth
  6991 | D:7      | Killed Jeremiah
  7194 | D:7      | Reached skill level 12 in Stealth
  7426 | D:8      | Noticed a two-headed ogre
  7435 | D:8      | Killed a two-headed ogre
  7436 | D:8      | Reached skill level 13 in Stealth
  7611 | D:8      | Noticed a black mamba
  7614 | D:8      | Noticed a cyclops
  7617 | D:8      | Killed a black mamba
  7618 | D:8      | Reached skill level 14 in Stealth
  7649 | D:8      | Killed a cyclops
  7650 | D:8      | Reached skill level 15 in Stealth
  7650 | D:8      | Reached XP level 11. HP: 15/72 MP: 2/11
  7908 | D:8      | Reached skill level 1 in Evocations
  7928 | D:8      | Noticed a two-headed ogre
  7933 | D:8      | Killed a two-headed ogre
  8037 | D:8      | Found Xabbenayly's Assorted Antiques.
  8042 | D:8      | Bought a silvery potion for 21 gold pieces
  8042 | D:8      | Bought a silvery potion for 21 gold pieces
  8042 | D:8      | Bought a scroll of teleportation for 72 gold pieces
  8042 | D:8      | Bought 2 smoky emerald potions for 43 gold pieces
  8042 | D:8      | Bought a curved iron wand for 96 gold pieces
  8335 | D:8      | Noticed an arcanist
  8340 | D:8      | Killed an arcanist
  8341 | D:8      | Reached skill level 5 in Evocations
  8579 | D:8      | Noticed Maggie
  8588 | D:8      | Killed Maggie
  9789 | D:9      | Found a sparkling altar of Nemelex Xobeh.
  9795 | D:9      | Found an opulent altar of Gozag.
  9795 | D:9      | Found a shadowy altar of Dithmenos.
  9796 | D:9      | Found a shimmering blue altar of Sif Muna.
  9796 | D:9      | Found a basalt altar of Yredelemnul.
  9800 | D:9      | Became a worshipper of Gozag Ym Sagoz the Greedy
 10057 | D:10     | Entered Level 10 of the Dungeon
 11294 | D:10     | Reached skill level 10 in Evocations
 11358 | D:10     | Reached XP level 12. HP: 77/77 MP: 12/12
 11667 | D:10     | Found a white marble altar of Elyvilon.
 12611 | D:10     | Noticed a two-headed ogre
 12830 | D:10     | Found a staircase to the Lair.
 12859 | D:10     | Noticed a boulder beetle
 12864 | D:10     | Killed a boulder beetle
 13163 | D:10     | Reached skill level 10 in Long Blades
 13470 | D:10     | Killed a two-headed ogre
 13471 | D:10     | Reached skill level 16 in Stealth
 13580 | D:10     | Found a staircase to the Orcish Mines.
 13993 | D:11     | Noticed a two-headed ogre
 14004 | D:11     | Killed a two-headed ogre
 14104 | D:11     | Bought a metallic orange potion for 26 gold pieces
 14104 | D:11     | Bought a scroll labelled TEXEETUD NUOCS for 29 gold pieces
 14104 | D:11     | Bought a fuming black potion for 26 gold pieces
 14303 | D:11     | Reached skill level 17 in Stealth
 14426 | D:11     | Bought a scroll of identify for 58 gold pieces
 14791 | D:12     | Reached XP level 13. HP: 43/82 MP: 5/13
 14795 | D:12     | HP: 1/82 [centaur warrior zombie (5)]
 14795 | D:12     | Slain by a centaur warrior zombie

Illustrated notes

Levels and vault maps discovered:
D:1:      roadster_arrival_rocket_large, layout_loops_ring, bh_walls_and_bars
D:2:      layout_loops_ring, corner_web_ring
D:3:      layout_loops_ring, zin_academy, lemuel_crystal_altar,
          mainiacjoe_overflow_catwalk_spiral, dk_noncrumbling_4,
          minmay_surrounded
D:4:      layout_rooms, jmf_multi_god_temple2,
          hangedman_abyss_or_decor_lesser_grid, nicolae_wormholes
D:5:      layout_layer_cave, kennysheep_mini_moat,
          hellmonk_ghost_happy_afterlife, uniq_menkaure
D:6:      layout_basic, minmay_temple_entry_statues_pillars, serial_shops,
          nicolae_shop_pleasant_corner_grove, uniq_grinder, uniq_pikel,
          uniq_prince_ribbit1
D:7:      layout_cave_pods, uniq_jeremiah
D:8:      nzn_winding_woodlands_stair_cross [nzn_winding_woodlands_5x15_pool,
          nzn_winding_woodlands_center_diamonds,
          nzn_winding_woodlands_5x15_longhouse,
          nzn_winding_woodlands_5x5_perimeter,
          nzn_winding_woodlands_5x5_checkerboard,
          nzn_winding_woodlands_5x15_lazy_stream,
          nzn_winding_woodlands_center_triple_pond,
          nzn_winding_woodlands_5x15_pockets], layout_loops_ring, serial_shops,
          nicolae_shop_tiny_real_fake_doors, minmay_misc_feat_plants,
          uniq_maggie
D:9:      layout_roguey, minitemple, nicolae_twisty_statue_hallways
D:10:     layout_irregular_city, mainiacjoe_overflow_small_starburst,
          david_lair_shrubbed, orc_0_dummy, serial_undead, serial_undead_f,
          serial_undead_c, serial_undead_f, serial_undead_a, serial_undead_d,
          serial_undead_f, serial_undead_f, serial_undead_b
D:11:     layout_basic
D:12:     minmay_textured_paths, layout_cave_pools, serial_column_ruins,
          column_ruins_square_medium, column_ruins_circle_medium,
          column_ruins_corridor_straight, column_ruins_grid_1,
          column_ruins_open_tiny, column_ruins_grid_1,
          nicolae_yredelemnul_corpse_copse, uniq_rupert
Temple:   grunt_temple_mini_profane

Skill      XL: |  1  2  3  4  5  6  7  8  9 10 11 12 |
---------------+-------------------------------------+-----
Stealth        | 2 3 5 8 10 15 17 | 17.9
Long Blades    | 2 4 5 6 10 | 10.0
Fighting       | 5 |  5.6
Dodging        | 5 9 10 | 10.2
Evocations     | 10 | 10.0
Unarmed Combat | |  3.0

Action                     |  1- 3 |  4- 6 |  7- 9 | 10-12 | 13-15 || total
---------------------------+-------+-------+-------+-------+-------++-------
  Melee: Dagger            |    24 |       |       |       |       ||    24
         Constrict         |    12 |     6 |    29 |    71 |       ||   118
         Unarmed           |     4 |       |       |       |       ||     4
         Tentacles         |     7 |     4 |    27 |    93 |     1 ||   132
         Spear             |     5 |       |       |       |       ||     5
         Great sword       |    19 |    51 |   125 |   368 |     3 ||   566
  Throw: Dart              |       |       |     9 |     8 |       ||    17
         Throwing net      |       |       |       |     4 |       ||     4
 Invoke: Call Merchant     |       |       |       |     1 |       ||     1
  Evoke: Lightning rod     |       |       |       |    12 |       ||    12
         Wand              |       |       |       |     2 |       ||     2
    Use: Scroll            |     4 |     3 |       |     7 |     1 ||    15
         Potion            |       |     1 |     7 |     4 |     1 ||    13
   Stab: Sleeping          |    16 |    15 |     6 |    26 |       ||    63
         Invisible         |       |       |     1 |       |       ||     1
         Distracted        |       |       |       |     5 |       ||     5
         Held in net/web   |       |       |       |     3 |       ||     3
 Armour: Skin              |    16 |    30 |   110 |   391 |    15 ||   562
  Dodge: Dodged            |    16 |    27 |    88 |   467 |     7 ||   605

Table legend: (Time is in decaauts)
 A = Elapsed time spent in this place.
 B = Non-inter-level travel time spent in this place.
 C = Inter-level travel time spent in this place.
 D = Time resting spent in this place.
 E = Time spent auto-exploring this place.
 F = Levels seen in this place.
 G = Mean time per level.
                   A        B        C        D        E       F      G
               +--------+--------+--------+--------+--------+-----+--------+
         Total |  15061 |  14699 |    362 |   3036 |   8892 |  13 | 1158.5 |
       Dungeon |  15059 |  14697 |    362 |   3036 |   8892 |  12 | 1254.9 |
        Temple |      1 |      1 |      0 |      0 |      0 |   1 |    1.0 |
               +--------+--------+--------+--------+--------+-----+--------+

Top non-repeatable levels by time:
    D:10: 2950 daAuts
     D:9: 2290 daAuts
     D:6: 1693 daAuts
     D:5: 1588 daAuts
     D:8: 1441 daAuts
     D:7: 1315 daAuts
     D:1: 763 daAuts
     D:4: 735 daAuts
     D:2: 723 daAuts
    D:11: 718 daAuts
     D:3: 681 daAuts
    D:12: 157 daAuts
  Temple: 1 daAuts
